 Dungeon Crawl Stone Soup version 0.20.1-1-g8b1a95d (webtiles) character file.

13780 bosm the Martial Artist (level 11, -10/85 HPs)
             Began as a Demonspawn Transmuter on Aug 27, 2017.
             Was a High Priest of Cheibriados.
             Mangled by a spiny frog (12 damage)
             ... on level 3 of the Lair of Beasts.
             The game lasted 00:40:19 (10766 turns).

bosm the Martial Artist (Demonspawn Transmuter)    Turns: 10766, Time: 00:40:21

Health: -10/85     AC:  7    Str: 28    XL:     11   Next: 80%
Magic:  23/23      EV: 14    Int: 32    God:    Cheibriados [*****.]
Gold:   693        SH: 11    Dex: 28    Spells: 16/27 levels left

rFire    . . .     SeeInvis .     - Unarmed
rCold    . . .     Gourm    .   v - +0 buckler
rNeg     . . .     Faith    .   q - +1 troll leather armour
rPois    +         Spirit   .   (helmet unavailable)
rElec    .         Reflect  +   (no cloak)
rCorr    .         Harm     .   o - +0 pair of gloves
MR       .....                  (no boots)
Stlth    ++........             k - +4 amulet of reflection
Regen    0.7/turn               B - +4 ring of strength
MPRegen  0.2/turn               D - ring of poison resistance

@: invisible, very slow
A: horns 3, rugged brown scales 1, demonic guardian 1, foul stench 1, rot
immunity
a: Bend Time, Temporal Distortion, Slouch, Step From Time, Renounce Religion


You were on level 3 of the Lair of Beasts.
You worshipped Cheibriados.
Cheibriados was extremely pleased with you.
You were not hungry.

You visited 3 branches of the dungeon, and saw 14 of its levels.

You collected 693 gold pieces.

Inventory:

Missiles
 a - 162 arrows
Armour
 b - a +0 robe
 o - a +0 pair of gloves (worn)
 q - a +1 troll leather armour (worn)
 v - a +0 buckler (worn)
Jewellery
 f - an uncursed amulet of regeneration
 k - a +4 amulet of reflection (around neck)
 B - a +4 ring of strength (left hand)
 D - a ring of poison resistance (right hand)
 G - an uncursed ring of magical power
Wands
 m - a wand of scattershot (6/9)
 s - a wand of paralysis (16/24)
Scrolls
 g - 5 scrolls of remove curse
 h - a scroll of enchant armour
 p - 3 scrolls of teleportation
 r - 3 scrolls of identify
 x - a scroll of enchant weapon
Potions
 e - 4 potions of flight
 l - a potion of magic {unknown}
 w - a potion of invisibility
 z - a potion of mutation {unknown}
 A - 4 potions of berserk rage {unknown}
 E - 3 potions of agility {unknown}
 F - 2 potions of lignification {unknown}
Books
 c - a book of Changes

   Spells                             Type                      Level
   a - Beastly Appendage              Transmutation                1
   b - Sticks to Snakes               Transmutation                2
   c - Spider Form                    Transmutation/Poison         3
   d - Ice Form                       Ice/Transmutation            4
   e - Blade Hands                    Transmutation                5
 n - a book of Geomancy

   Spells                             Type                      Level
   a - Sandblast                      Earth                        1
   b - Passwall                       Transmutation/Earth          2
   c - Stone Arrow                    Conjuration/Earth            3
   d - Petrify                        Transmutation/Earth          4
   e - Lee's Rapid Deconstruction     Earth                        5
 H - a book of Beasts

   Spells                             Type                      Level
   a - Summon Butterflies             Summoning                    1
   b - Call Canine Familiar           Summoning                    3
   c - Summon Ice Beast               Ice/Summoning                4
   d - Summon Mana Viper              Hexes/Summoning              5
   e - Summon Hydra                   Summoning                    7
Comestibles
 d - 4 meat rations
 i - 5 chunks of flesh
 j - 2 fruits
 t - 7 royal jellies
 u - 7 bread rations


   Skills:
 * Level 6.4 Fighting
 - Level 2.1 Armour
 + Level 2.9 Dodging
 - Level 3.1 Shields
 * Level 10.5 Unarmed Combat
 + Level 8.8 Spellcasting
 + Level 8.3 Transmutations
 + Level 5.3 Invocations


You had 16 spell levels left.
You knew the following spells:

 Your Spells              Type           Power        Failure   Level  Hunger
a - Beastly Appendage     Tmut           ######       1%          1    None
b - Spider Form           Tmut/Pois      #####.....   2%          3    None
d - Blade Hands           Tmut           ######....   4%          5    ###....
w - Sticks to Snakes      Tmut           ######..     1%          2    None


Dungeon Overview and Level Annotations

Branches:
Dungeon (10/15)            Temple (1/1) D:4            Lair (2/6) D:10
  Swamp: Lair:2-4    Shoals: Lair:2-4     Snake: Lair:2-4    Spider: Lair:2-4
    Orc: D:9-12

Altars:
Ashenzari
Cheibriados
Dithmenos
Elyvilon
Fedhas
Gozag
Hepliaklqana
Kikubaaqudgha
Makhleb
Nemelex Xobeh
Okawaru
Qazlal
Ru
Sif Muna
Trog
Uskayaw
Vehumet
Xom
Yredelemnul
Zin
The Shining One
Lugonu

Annotations:
D:7 exclusion: statue
D:9 exclusion: oklob plant


Innate Abilities, Weirdness & Mutations

You have a pair of large horns on your head.
You are partially covered in rugged brown scales. (AC +1, +3% HP)
A weak demonic guardian rushes to your aid.
You may emit foul miasma when damaged in melee.
You are immune to rotting.


Message History

Okay, then.
Really harm your water moccasin, adder and white imp?
Okay, then.
Unknown command.
Okay, then.
Your water moccasin bites the spiny frog.
Your adder bites the spiny frog but does no damage.
The spiny frog stings your adder!
Your adder dies!
Your water moccasin closely misses the spiny frog.
Your white imp barely misses the spiny frog.
Your water moccasin barely misses the spiny frog.
It was a potion of invisibility.
You fade into invisibility!
The spiny frog stings you.
* * * LOW HITPOINT WARNING * * *
Your water moccasin bites the spiny frog.
Your white imp barely misses the spiny frog.
The spiny frog stings you!
You die...

# #.......# ## ##
##P.P###.##.#### . .#
###...PP.....#...###.#
####...†≈..≈.....#.......
....#.≈≈≈≈≈≈≈............
...'.≈≈≈≈≈≈≈≈............
.....≈≈≈≈≈≈≈≈≈≈.S........
....≈≈≈≈≈.≈≈≈≈.$F........
....≈≈≈≈.<≈≈≈≈≈5@.#...###
.##..≈≈≈≈..≈≈≈...#.......
##...≈≈≈≈≈≈≈≈≈..#.#####..
...≈≈≈≈≈≈≈≈≈..### #
..≈≈≈≈≈≈≈≈.### ..≈.# .##+


You could see a spiny frog, a friendly water moccasin and a friendly white imp.

Vanquished Creatures
  2 hydras
  A two-headed ogre (D:10)
  3 elephants (Lair:2)
  7 spiny frogs
  A troll (D:9)
  2 hippogriffs
  A human (D:8)
  3 hogs (D:8)
  8 yaks
  A hungry ghost (D:7)
  Menkaure (D:7)
  3 wargs (D:10)
  5 porcupines
  3 water moccasins
  A hornet zombie (D:5)
  A sky beast (D:5)
  2 ice beasts (D:10)
  A black bear (Lair:2)
  3 phantoms
  3 ogres
  4 wolves (Lair:2)
  2 necrophages
  2 centaurs
  3 crocodiles
  A big kobold (D:10)
  8 bullfrogs
  A gnoll sergeant (D:7)
  2 scorpions
  21 killer bees
  A howler monkey (D:6)
  A lava snake (Lair:1)
  A bullfrog zombie (D:9)
  4 crimson imps
  2 jellies
  9 orc priests
  9 hounds
  A centaur skeleton (D:9)
  2 iguanas
  Natasha (twice) (D:3)
  6 worker ants
  11 orc wizards
  6 gnolls
  7 adders
  A shadow imp (D:5)
  An adder zombie (D:10)
  4 adder skeletons
  5 worms (D:2)
  A dart slug (D:1)
  5 leopard geckos
  25 orcs
  2 ball pythons
  3 giant cockroaches
  8 goblins
  5 hobgoblins
  11 jackals
  A quokka (D:3)
  7 bats
  4 frilled lizards
  A jackal skeleton (D:4)
  12 kobolds
  A leopard gecko skeleton (D:4)
  6 rats
261 creatures vanquished.

Vanquished Creatures (collateral kills)
  An elephant (Lair:2)
  Sigmund (D:6)
  2 yaks
  A water moccasin (D:7)
  An eye of draining (D:9)
  2 killer bees
  Natasha (D:3)
  2 orc wizards (D:10)
  An adder (D:9)
  A gnoll (D:7)
  2 orcs (D:5)
15 creatures vanquished.

Grand Total: 276 creatures vanquished

Notes
Turn   | Place    | Note
-------+----------+-------------------------------------------
     0 | D:1      | bosm the Demonspawn Transmuter began the quest for the Orb.
     0 | D:1      | Reached XP level 1. HP: 15/15 MP: 3/3
   205 | D:1      | Reached skill level 3 in Unarmed Combat
   530 | D:1      | Gained mutation: You are immune to rotting. [demonic ancestry]
   530 | D:1      | Reached XP level 2. HP: 17/21 MP: 5/5
  1034 | D:1      | Mutation became permanent: You have a pair of small horns on your head. [demonic ancestry]
  1034 | D:1      | Gained mutation: You have a pair of horns on your head. [demonic ancestry]
  1034 | D:1      | Reached XP level 3. HP: 26/26 MP: 6/6
  1083 | D:1      | Learned a level 3 spell: Spider Form
  2632 | D:2      | Reached XP level 4. HP: 32/32 MP: 5/7
  2793 | D:3      | Reached skill level 4 in Unarmed Combat
  2887 | D:3      | Noticed Natasha
  2900 | D:3      | Killed Natasha
  2928 | D:3      | Noticed Natasha
  2948 | D:3      | Killed Natasha
  2948 | D:3      | Gained mutation: A weak demonic guardian rushes to your aid. [demonic ancestry]
  2948 | D:3      | Reached XP level 5. HP: 27/37 MP: 5/9
  3105 | D:3      | Noticed Natasha
  3112 | D:3      | Killed Natasha
  3755 | D:4      | Reached XP level 6. HP: 41/43 MP: 10/10
  3929 | D:4      | Reached skill level 5 in Unarmed Combat
  3947 | D:4      | Found a burning altar of Makhleb.
  4094 | D:4      | Learned a level 2 spell: Sticks to Snakes
  4094 | D:4      | Found a staircase to the Ecumenical Temple.
  4103 | Temple   | Entered the Ecumenical Temple
  4146 | Temple   | Became a worshipper of Cheibriados the Contemplative
  4220 | D:4      | Found an opulent altar of Gozag.
  4261 | D:4      | Learned a level 5 spell: Blade Hands
  4333 | D:4      | Gained mutation: You may emit foul miasma when damaged in melee. [demonic ancestry]
  4333 | D:4      | Reached XP level 7. HP: 47/48 MP: 12/12
  4537 | D:5      | Entered Level 5 of the Dungeon
  4661 | D:5      | Found a shimmering altar of Xom.
  4729 | D:5      | Reached skill level 6 in Unarmed Combat
  4738 | D:5      | Reached * piety under Cheibriados
  4891 | D:5      | Found a shattered altar of Ashenzari.
  5107 | D:5      | Found a stormy altar of Qazlal.
  5213 | D:5      | Reached XP level 8. HP: 51/54 MP: 12/14
  5341 | D:5      | Found a hide-covered altar of Uskayaw.
  5537 | D:6      | Found a shadowy altar of Dithmenos.
  5582 | D:6      | Noticed Sigmund
  5705 | D:6      | Killed Sigmund
  5727 | D:6      | Found a hazy altar of Hepliaklqana.
  5813 | D:6      | Reached skill level 5 in Transmutations
  5898 | D:6      | Reached skill level 7 in Unarmed Combat
  6056 | D:6      | Found a white marble altar of Elyvilon.
  6205 | D:7      | Reached skill level 5 in Spellcasting
  6428 | D:7      | Noticed a hippogriff
  6432 | D:7      | Killed a hippogriff
  6496 | D:7      | Got a silken robe
  6497 | D:7      | Identified the cursed +0 robe "Hoaraphe" {Stlth+} (You found it on level 7 of the Dungeon)
  6572 | D:7      | Found a radiant altar of Vehumet.
  6651 | D:7      | Reached ** piety under Cheibriados
  6795 | D:7      | Gained mutation: You have a pair of horns on your head. [demonic ancestry]
  6795 | D:7      | Reached XP level 9. HP: 58/60 MP: 12/17
  6817 | D:7      | Noticed Menkaure
  6825 | D:7      | Killed Menkaure
  7074 | D:7      | Reached skill level 1 in Shields
  7399 | D:7      | Reached *** piety under Cheibriados
  7479 | D:8      | Reached skill level 8 in Unarmed Combat
  7679 | D:8      | Gained mutation: You have a pair of large horns on your head. [demonic ancestry]
  7679 | D:8      | Reached XP level 10. HP: 55/70 MP: 8/20
  7855 | D:8      | Reached **** piety under Cheibriados
  7922 | D:8      | Noticed a hell beast
  7923 | D:8      | Found a corrupted altar of Lugonu.
  7923 | D:8      | Noticed an orange demon
  7925 | D:8      | Noticed a rust devil
  8306 | D:8      | Found a deep blue altar of Sif Muna.
  8502 | D:9      | Reached skill level 9 in Unarmed Combat
  8542 | D:9      | Found a blossoming altar of Fedhas.
  8599 | D:9      | Found a shimmering altar of Xom.
  8599 | D:9      | Noticed an oklob plant
  9051 | D:10     | Entered Level 10 of the Dungeon
  9082 | D:9      | HP: 3/70 [killer bee (5)]
  9082 | D:9      | HP: 1/70 [killer bee (2)]
  9269 | D:9      | Reached skill level 1 in Invocations
  9396 | D:10     | Reached skill level 1 in Armour
  9398 | D:10     | Noticed a two-headed ogre
  9407 | D:10     | Killed a two-headed ogre
  9442 | D:10     | Reached ***** piety under Cheibriados
  9605 | D:10     | Found a staircase to the Lair.
  9790 | D:10     | Gained mutation: You are partially covered in rugged brown scales. (AC +1, +3% HP) [demonic ancestry]
  9790 | D:10     | Reached XP level 11. HP: 40/80 MP: 16/23
  9826 | Lair:1   | Entered Level 1 of the Lair of Beasts
  9846 | Lair:1   | Noticed an eight-headed hydra
  9854 | Lair:1   | Killed an eight-headed hydra
 10009 | Lair:1   | Reached skill level 10 in Unarmed Combat
 10061 | Lair:1   | Reached skill level 5 in Fighting
 10646 | Lair:2   | Reached skill level 5 in Invocations
 10718 | Lair:2   | You fall through a shaft!
 10738 | Lair:3   | Noticed a seven-headed hydra
 10747 | Lair:3   | Killed a seven-headed hydra
 10764 | Lair:3   | HP: 4/85 [spiny frog (15)]
 10766 | Lair:3   | Mangled by a spiny frog

Skill      XL: |  1  2  3  4  5  6  7  8  9 10 11 |
---------------+----------------------------------+-----
Unarmed Combat | 3 4 5 6 7 8 9 10 | 10.5
Transmutations | 2 3 4 5 7 8 |  8.3
Spellcasting   | 3 4 5 6 8 |  8.8
Fighting       | 3 4 6 |  6.4
Shields        | 2 3 |  3.1
Invocations    | 3 5 |  5.3
Armour         | 1 2 |  2.1
Dodging        | 2 |  2.9

Action                   |  1- 3 |  4- 6 |  7- 9 | 10-12 || total
-------------------------+-------+-------+-------+-------++-------
Melee: Unarmed           |   142 |   144 |   298 |   250 ||   834
       Headbutt          |    12 |    22 |    45 |    70 ||   149
       Kick              |    10 |    12 |    26 |     2 ||    50
       Punch             |     2 |       |     7 |     5 ||    14
 Cast: Beastly Appendage |    19 |    14 |    20 |     2 ||    55
       Spider Form       |     3 |     5 |       |       ||     8
       Sticks to Snakes  |       |       |     6 |    14 ||    20
       Blade Hands       |       |       |    16 |    24 ||    40
 Abil: End Transformatio |       |     2 |       |     1 ||     3
Evoke: Wand              |       |       |     1 |       ||     1
  Use: Potion            |     3 |     1 |     4 |     3 ||    11
       Scroll            |       |     1 |    13 |    10 ||    24
 Stab: Sleeping          |     2 |       |     1 |     2 ||     5
       Distracted        |       |       |     1 |     3 ||     4
  Eat: Chunk             |     1 |     8 |    12 |    10 ||    31
       Bread ration      |     1 |       |       |       ||     1
Armor: Robe              |    36 |       |       |       ||    36
       Troll leather arm |       |    19 |    59 |    40 ||   118
Dodge: Dodged            |    76 |    69 |   185 |   171 ||   501
Block: Other             |     4 |    19 |    50 |    37 ||   110
       Buckler           |       |       |     1 |    51 ||    52
       Reflection        |       |       |       |     2 ||     2
